 Dungeon Crawl Stone Soup version 0.24-a0-271-ga0fc33f (webtiles) character file.

Game seed: 12691481733319353402

263691 MatthieuS the Fencer (level 19, -11/177 HPs)
             Began as a Minotaur Monk on Apr 23, 2019.
             Was the Champion of the Shining One.
             Shot with a bolt by a yaktaur captain (21 damage)
             ... on level 2 of the Vaults.
             The game lasted 01:56:53 (40503 turns).

MatthieuS the Fencer (Minotaur Monk)               Turns: 40503, Time: 01:56:54

Health: -11/177    AC: 33    Str: 29    XL:     19   Next: 25%
Magic:  28/28      EV: 32    Int:  5    God:    the Shining One [******]
Gold:   1761       SH: 12    Dex: 16    Spells: 18/18 levels left

rFire    + + +     SeeInvis .   b - +0 triple sword (flame)
rCold    + + +     Gourm    .   (shield currently unavailable)
rNeg     + + +     Faith    .   q - +7 plate armour of the Teacher {rF+ rCorr Str+8 Int-2}
rPois    +         Spirit   .   M - +1 hat
rElec    +         Reflect  .   U - +1 cloak {+Inv}
rCorr    +         Harm     .   k - +2 pair of gloves
MR       +....                  p - +1 pair of boots {Stlth+}
Stlth    ..........             z - amulet of the acrobat
HPRegen  0.39/turn              I - ring of protection from cold
MPRegen  0.21/turn              R - ring of protection from fire

@: lethally poisoned (-11 -> -62), divine shield, about to teleport, resistant,
acrobat, glowing
A: retaliatory headbutt, horns 2, blink, cold resistance 1, poison resistance
}: 2/15 runes: barnacled, gossamer
a: Blink, Divine Shield, Cleansing Flame, Summon Divine Warrior, Brand Weapon
With Holy Wrath, Renounce Religion, Evoke Invisibility


You were on level 2 of the Vaults.
You worshipped the Shining One.
The Shining One was exalted by your worship.
You were hungry.

You visited 6 branches of the dungeon, and saw 33 of its levels.
You visited the Abyss 1 time.
You also visited: Ice Cave.

You collected 3745 gold pieces.
You spent 1984 gold pieces at shops.

Inventory:

Hand Weapons
 a - a +3 scimitar of flaming
   (You took it off an efreet on level 8 of the Dungeon)
 b - a +0 triple sword of flaming (weapon)
   (You acquired it on level 1 of the Vaults)
 n - a +2 scimitar of flaming
   (You took it off an efreet on level 3 of the Abyss)
 y - the +5 great sword "Hellblazer" {speed, rPois rF++ rC+ Str+3}
   (You took it off a merfolk on level 4 of the Shoals)

   Attacks with this weapon are significantly faster.
   It affects your strength (+3).
   It greatly protects you from fire.
   It protects you from cold.
   It protects you from poison.
 C - the +4 whip "Mom Uce" {slash, rPois rF++ Str+2}
   (You found it on level 6 of the Dungeon)

   It inflicts extra damage upon your enemies.
   It affects your strength (+2).
   It greatly protects you from fire.
   It protects you from poison.
Missiles
 w - 7 throwing nets (quivered) {!f}
Armour
 k - a +2 pair of gloves (worn)
   (You found it on level 4 of the Dungeon)
 p - a +1 pair of boots of stealth (worn)
   (You found it on level 12 of the Dungeon)
 q - the +7 plate armour of the Teacher (worn) {rF+ rCorr Str+8 Int-2}
   (You bought it in a shop on level 2 of the Orcish Mines)

   It affects your strength (+8).
   It affects your intelligence (-2).
   It protects you from fire.
   It provides partial protection from all sources of acid and corrosion.
 K - a +2 shield
   (You found it on level 5 of the Lair of Beasts)
 M - a +1 hat (worn)
   (You took it off Gastronok on level 10 of the Dungeon)
 U - a +1 cloak of invisibility (worn)
   (You found it on level 12 of the Dungeon)
Jewellery
 z - an amulet of the acrobat (around neck)
   (You found it on level 12 of the Dungeon)
 I - a ring of protection from cold (left hand)
   (You found it on level 4 of the Dungeon)
 R - a ring of protection from fire (right hand)
   (You found it on level 3 of the Spider Nest)
Wands
 d - a wand of iceblast (20)
   (You found it on level 6 of the Lair of Beasts)
 l - a wand of polymorph (12)
   (You took it off Edmund on level 4 of the Dungeon)
 t - a wand of flame (35)
   (You found it on level 5 of the Lair of Beasts)
 u - a wand of paralysis (18)
   (You found it on level 4 of the Lair of Beasts)
 v - a wand of digging (9)
   (You found it on level 2 of the Lair of Beasts)
 x - a wand of acid (9)
   (You found it on level 1 of the Vaults)
 B - a wand of enslavement (16)
   (You found it on level 7 of the Dungeon)
Scrolls
 f - 20 scrolls of remove curse {@r2}
 h - 5 scrolls of magic mapping
 j - 5 scrolls of identify {@r1}
 m - 2 scrolls of holy word
 o - a scroll of silence
 D - 10 scrolls of teleportation {@r4}
 F - 11 scrolls of enchant weapon
 J - 3 scrolls of fog
 L - a scroll of blinking
 N - 2 scrolls of immolation {!r}
 O - 4 scrolls of fear
 P - 4 scrolls of enchant armour
 Q - a scroll of brand weapon
Potions
 c - a potion of brilliance
 g - 3 potions of curing {@q1}
 i - 2 potions of haste {@q3}
 r - 3 potions of magic
 s - 5 potions of flight
 A - 11 potions of mutation {!q}
 E - 6 potions of ambrosia
 G - a potion of resistance
 H - 2 potions of agility
 S - a potion of cancellation
Comestibles
 e - 55 rations


   Skills:
 + Level 17.5 Fighting
 + Level 18.5 Long Blades
 + Level 14.7 Armour
 + Level 14.0 Dodging
 - Level 1.5 Stealth
 + Level 15.7 Shields
 + Level 14.6 Invocations
 - Level 8.6 Evocations


You had 18 spell levels left.
You didn't know any spells.
Your spell library contained the following spells:

 Spells                   Type           Power        Failure   Level  Hunger
 Apportation              Tloc           #.....       97%         1    ##.....
 Beastly Appendage        Tmut           #.....       97%         1    ##.....
 Freeze                   Ice            #...         97%         1    ##.....
 Magic Dart               Conj           #...         97%         1    ##.....
 Summon Butterflies       Summ           #.......     97%         1    ##.....
 Summon Small Mammal      Summ           #...         97%         1    ##.....
 Blink                    Tloc           N/A          99%         2    ###....
 Call Imp                 Summ           #.......     99%         2    ###....
 Passwall                 Tmut/Erth      #.......     99%         2    ###....
 Poisonous Vapours        Pois/Air       #.....       99%         2    ###....
 Searing Ray              Conj           #.....       99%         2    ###....
 Slow                     Hex            #.......     99%         2    ###....
 Sticks to Snakes         Tmut           #.......     99%         2    ###....
 Swiftness                Chrm/Air       #.......     99%         2    ###....
 Throw Frost              Conj/Ice       #.....       99%         2    ###....
 Call Canine Familiar     Summ           #.......     100%        3    ####...
 Conjure Flame            Conj/Fire      #.......     100%        3    ####...
 Dazzling Spray           Conj/Hex       #.....       100%        3    ####...
 Mephitic Cloud           Conj/Pois/Air  #.......     100%        3    ####...
 Ozocubu's Armour         Chrm/Ice       #.......     100%        3    ####...
 Portal Projectile        Hex/Tloc       #.....       100%        3    ####...
 Spider Form              Tmut/Pois      #.........   100%        3    ####...
 Summon Guardian Golem    Hex/Summ       #.......     100%        3    ####...
 Teleport Other           Tloc           #.......     100%        3    ####...
 Force Lance              Conj/Tloc      #.......     100%        4    #####..
 Fulminant Prism          Conj/Hex       #.........   100%        4    #####..
 Ice Form                 Ice/Tmut       #.......     100%        4    #####..
 Iskenderun's Mystic Bla  Conj           #.......     100%        4    #####..
 Passage of Golubria      Tloc           N/A          100%        4    #####..
 Summon Ice Beast         Ice/Summ       #.......     100%        4    #####..
 Summon Lightning Spire   Summ/Air       #.......     100%        4    #####..
 Throw Icicle             Conj/Ice       #.......     100%        4    #####..
 Blade Hands              Tmut           #.........   100%        5    ######.
 Lee's Rapid Deconstruct  Erth           #.........   100%        5    ######.
 Metabolic Englaciation   Hex/Ice        #.........   100%        5    ######.
 Summon Mana Viper        Hex/Summ       #.......     100%        5    ######.
 Bolt of Cold             Conj/Ice       #.........   100%        6    #######
 Darkness                 Hex            #.........   100%        6    #######
 Freezing Cloud           Conj/Ice/Air   #.........   100%        6    #######
 Invisibility             Hex            #.......     100%        6    #######
 Ozocubu's Refrigeration  Ice            #.........   100%        6    #######
 Simulacrum               Ice/Necr       #.........   100%        6    #######
 Ring of Flames           Chrm/Fire      #.........   100%        7    #######
 Summon Hydra             Summ           #.........   100%        7    #######
 Controlled Blink         Tloc           N/A          100%        8    #######


Dungeon Overview and Level Annotations

Branches:
Dungeon (15/15)            Temple (0/1) D:6            Lair (6/6) D:9
 Shoals (4/4) Lair:4       Spider (4/4) Lair:2        Slime (0/5) Lair:5
    Orc (2/2) D:10            Elf (0/3) Orc:2        Vaults (2/5) D:13
 Depths (0/5) D:15
  Crypt: Vaults:2-3

Altars:
Dithmenos
Elyvilon
Fedhas
Gozag
Makhleb
Okawaru
Sif Muna
Trog
Uskayaw
Wu Jian
Xom
Yredelemnul
Zin
The Shining One
Jiyva
Lugonu

Shops:
D:8 !   D:10 (   Orc:2 =([![   Shoals:4 *

Portals:
Trove: D:13 (give +4 fire dragon scales)

Annotations:
Lair:1 exclusion: oklob plant
Spider:3 1 runed translucent door, Mustard's ghost, adept NaWz
Vaults:2 Margery; Nikola


Innate Abilities, Weirdness & Mutations

You reflexively headbutt those who attack you in melee.
You have a pair of horns on your head.
You can translocate small distances at will.
Your flesh is cold resistant. (rC+)
Your system is resistant to poisons. (rPois)


Message History

The orc sorcerer no longer looks unusually strong.
You block the vault warden's attack.
Nikola gestures wildly while chanting.
Nikola blinks!
You slash the vault warden! You burn the vault warden.
You headbutt the vault warden!
An orc comes into view.
A hell knight comes into view. It is wielding a +5 great mace.
The yaktaur captain wields a +0 arbalest.
The yaktaur captain shoots a bolt.
You block the bolt.
You are feeling hungry.
Your plate armour of the Teacher prevents you from hitting the vault warden.
You headbutt the vault warden!
The vault warden hits you but does no damage.
Your plate armour of the Teacher prevents you from hitting the vault warden.
The vault sentinel blows a loud note on a signal horn!
A yaktaur comes into view.
The yaktaur captain shoots a bolt.
You block the bolt.
The vault warden hits you with a +0 great sword.
* * * LOW HITPOINT WARNING * * *
The orc knight roars a battlecry!
The orcs go into a battle-frenzy!
You slice the vault warden like a ripe choko!!!
You burn the vault warden!
You kill the vault warden!
Your Dodging skill increases to level 14!
A yaktaur comes into view.
Okay, then.
As you read the scroll of teleportation {@r4}, it crumbles to dust.
You feel strangely unstable.
The green very ugly thing trunk-slaps you.
* * * LOW HITPOINT WARNING * * *
You are lethally poisoned!
The green very ugly thing poisons you!
The yaktaur captain shoots a bolt.
The bolt hits you.
* * * LOW HITPOINT WARNING * * *
The hell knight gestures wildly while chanting.
The hell knight blinks!
Margery the Dragonslayer comes into view.
She is wielding a +0 demon blade.
The sentinel's mark upon you fades away.
* * * LOW HITPOINT WARNING * * *
You feel very sick.
The vault sentinel gestures at you while chanting.
You barely resist.
The yaktaur captain shoots a bolt.
You block the bolt.
You block the green very ugly thing's attack.
* * * LOW HITPOINT WARNING * * *
You feel very sick.
The vault sentinel blows a loud note on a signal horn!
The yaktaur captain shoots a bolt.
The bolt hits you!!
You die...

#..†.# ##..# ..p..
#....# .... .zc....
#....# .... .......
#####....# #..# .....c.
........)O## #..#
....### .........cO.##
#..# .............# #..#
...........######+#
...........#..@...##
...........##.u....##
..........O.##..<...##
...........OO##..pc..##
.............C##.D....##
########....c..##..()..#
#........####o###...
#........C.u.ooo.....
#.............po@....


You could see a green very ugly thing, an ice dragon, a yaktaur captain, an orc
knight, a vault sentinel, an orc sorcerer and an orc warrior.

Vanquished Creatures
  A bone dragon (Abyss:3)
  Arachne (Spider:3)
  The ghost of waywinkle the Peltast, an adept MfGl of Okawaru (Vaults:1)
  The ghost of Caerwyn the Warrior, an adept GrFi of Gozag (Vaults:1)
  Frances (Spider:1)
  Gastronok (D:10)
  An Executioner (D:13)
  Agnes (Spider:3)
  A fire giant (Vaults:1)
  Ilsuiw (Shoals:3)
  A frost giant (Vaults:1)
  2 ghost moths
  4 vault wardens
  3 ironheart preservers (Vaults:1)
  A war gargoyle (Vaults:2)
  An emperor scorpion (Spider:4)
  3 entropy weavers (Spider:2)
  The ghost of Mustard the Destroyer, a journeyman NaAE of Makhleb (Lair:6)
  7 dire elephants
  2 blizzard demons (IceCv)
  Snorg (Lair:4)
  6 merfolk impalers
  6 merfolk javelineers
  2 yaktaur captains (Vaults:1)
  An ice dragon (Vaults:1)
  The ghost of Para the Severer, a journeyman MiBe of Trog (D:12)
  2 great orbs of eyes (Vaults:1)
  4 hydras
  5 ogre magi
  3 vault guards
  3 merfolk avatars
  2 death knights (D:12)
  A satyr (Shoals:1)
  An anaconda (Lair:6)
  A naga warrior (D:13)
  4 merfolk aquamancers
  2 centaur warriors (D:14)
  15 two-headed ogres
  A queen ant (Lair:2)
  A tengu warrior (D:14)
  3 thrashing horrors (Abyss:3)
  A wretched star (Abyss:3)
  7 skeletal warriors
  5 unseen horrors
  A fire crab (Lair:6)
  A shadow wraith (D:12)
  2 deep trolls (Orc:2)
  11 sea snakes
  A flayed ghost (Vaults:1)
  A kraken simulacrum (Shoals:4)
  A phantasmal warrior (D:12)
  A glowing orange brain (Vaults:2)
  A spectral hydra (Lair:6)
  A deep elf archer (Vaults:1)
  4 orc knights
  2 ironbrand convokers (Vaults:1)
  3 wizards (D:13)
  10 harpies
  19 orb spiders
  A wolf spider (shapeshifter) (Vaults:1)
  A necromancer (D:13)
  An orc sorcerer (Orc:1)
  7 fauns
  A deep elf mage (D:14)
  19 ugly things
  5 oklob plants
  30 wolf spiders
  12 manticores
  6 cyclopes
  2 worldbinders (Abyss:3)
  10 elephants
  15 merfolk sirens
  A moth of wrath (Spider:1)
  2 apocalypse crabs (Abyss:3)
  3 ice statues (IceCv)
  A naga mage (D:15)
  A torpor snail (Lair:6)
  5 black mambas
  7 water nymphs
  8 vault sentinels
  8 spiny frogs
  4 centaur skeletons
  A storm dragon simulacrum (D:14)
  4 gargoyles
  7 yaktaurs (Vaults:1)
  2 rime drakes
  2 kobold demonologists (D:15)
  9 demonic crawlers
  13 ice devils (IceCv)
  2 efreet
  2 anaconda simulacra (IceCv)
  2 freezing wraiths
  11 komodo dragons
  A golden dragon simulacrum (IceCv)
  An ancient zyme (D:9)
  A tengu conjurer (D:15)
  20 merfolk
  6 polar bears
  5 wind drakes
  39 jumping spiders
  36 blink frogs
  9 trolls
  3 hornets
  A blink frog (shapeshifter) (Vaults:1)
  Prince Ribbit (D:9)
  19 slime creatures
  9 snapping turtles
  2 dream sheep (Shoals:4)
  13 hippogriffs
  4 large abominations (Abyss:3)
  A spriggan (D:7)
  3 dire elephant simulacra (IceCv)
  92 redbacks
  A shadow (D:11)
  34 tarantellas
  3 wraiths
  2 spectral black mambas (Lair:6)
  A vampire (D:12)
  20 humans (D:13)
  Eustachio (D:6)
  12 water elementals
  2 wyverns
  4 basilisks
  5 yaks
  5 vampire mosquitoes
  Edmund (D:4)
  A chaos spawn (Abyss:3)
  A steam dragon (D:7)
  A spectral spiny frog (Lair:6)
  3 acid dragons
  An iron troll simulacrum (IceCv)
  3 wargs
  3 soldier ants (Lair:2)
  14 water moccasins
  A soldier ant (shapeshifter) (D:15)
  12 porcupines
  3 hydra simulacra
  Duvessa (D:4)
  A phantom (D:9)
  18 orc warriors
  2 ice beasts
  A sky beast (D:10)
  A black bear (D:11)
  An ettin simulacrum (IceCv)
  5 boggarts
  An eye of draining (D:10)
  A necrophage (D:11)
  7 wolves (Lair:6)
  10 centaurs
  24 ogres
  14 crocodiles
  A big kobold (D:11)
  Blork the orc (D:4)
  11 bullfrogs
  A wyvern zombie (D:14)
  Dowan (D:4)
  An earth elemental (Abyss:3)
  8 small abominations
  5 scorpions
  An elf simulacrum (Vaults:1)
  12 killer bees
  5 wights (D:15)
  2 howler monkeys
  4 electric eels
  7 centaur zombies
  A starcursed mass (Abyss:3)
  A bullfrog zombie (D:5)
  2 crimson imps
  4 hounds
  A wyvern simulacrum (D:14)
  2 quasits
  An iron imp (Abyss:3)
  24 orc priests
  2 jellies
  25 orc wizards
  2 bullfrog skeletons
  2 iguanas
  19 worker ants
  A hound zombie (D:11)
  2 worker ant zombies
  10 gnolls
  9 adders
  8 river rats (D:5)
  2 shadow imps
  A white imp (Abyss:3)
  3 oozes
  5 adder skeletons
  4 worms
  7 leopard geckos
  89 orcs
  9 giant cockroaches
  8 goblins
  6 hobgoblins
  6 jackals
  6 quokkas
  A ball python (D:1)
  5 bats
  12 frilled lizards
  11 kobolds
  A leopard gecko skeleton (D:5)
  A quokka skeleton (D:5)
  A quokka zombie (D:8)
  16 rats
  A spectral orc (D:6)
1235 creatures vanquished.

Vanquished Creatures (collateral kills)
  3 ghost moths (Spider:4)
  3 emperor scorpions
  An entropy weaver (Spider:3)
  A spark wasp (Spider:4)
  A merfolk impaler (D:13)
  A tengu warrior (D:13)
  The ghost of Wombat the Cleaver, a novice FoGl of Makhleb (D:13)
  A wolf spider (Spider:3)
  An orb spider (Spider:3)
  2 merfolk sirens (Shoals:1)
  2 jumping spiders
  5 merfolk
  3 hornets
  10 redbacks (Spider:3)
  A tarantella (Spider:3)
36 creatures vanquished.

Vanquished Creatures (others)
  A stone giant (Vaults:2)
  A tengu warrior (D:14)
  2 ugly things (D:14)
  A demonic crawler (Spider:2)
  A jumping spider (Spider:4)
  A polar bear (Lair:5)
  2 redbacks (Spider:4)
  A chaos spawn (Abyss:3)
  An adder (D:7)
  2 kobolds (D:15)
  8 fungi
  17 plants
  4 tentacles (Shoals:4)
  A withered plant (Spider:3)
43 creatures vanquished.

Grand Total: 1314 creatures vanquished

Notes
Turn   | Place    | Note
-------+----------+-------------------------------------------
     0 | D:1      | MatthieuS the Minotaur Monk began the quest for the Orb.
     0 | D:1      | Reached XP level 1. HP: 19/19 MP: 0/0
    82 | D:1      | Reached skill level 4 in Long Blades
   295 | D:1      | Reached XP level 2. HP: 27/27 MP: 1/1
  1213 | D:2      | Reached XP level 3. HP: 30/33 MP: 2/2
  1350 | D:2      | Reached skill level 5 in Long Blades
  1563 | D:2      | Found a deep blue altar of Sif Muna.
  1828 | D:3      | Reached XP level 4. HP: 23/41 MP: 3/3
  2381 | D:3      | Reached skill level 5 in Fighting
  2381 | D:3      | Reached skill level 6 in Long Blades
  2381 | D:3      | Reached XP level 5. HP: 47/48 MP: 4/4
  2558 | D:4      | Found a blossoming altar of Fedhas.
  2601 | D:4      | Noticed Blork the orc
  2611 | D:4      | Killed Blork the orc
  2611 | D:4      | Reached skill level 7 in Long Blades
  2679 | D:4      | Found a white marble altar of Elyvilon.
  2693 | D:4      | Became a worshipper of Elyvilon the Healer
  2693 | D:4      | Reached * piety under Elyvilon
  2693 | D:4      | Reached ** piety under Elyvilon
  2713 | D:4      | Noticed Duvessa
  2714 | D:4      | Noticed Dowan
  2737 | D:4      | Killed Duvessa
  2737 | D:4      | Reached skill level 1 in Invocations
  2737 | D:4      | Reached XP level 6. HP: 57/57 MP: 5/5
  2769 | D:4      | Killed Dowan
  2901 | D:4      | Reached XP level 7. HP: 48/63 MP: 7/7
  2904 | D:4      | Reached skill level 8 in Long Blades
  3226 | D:4      | Noticed Edmund
  3265 | D:4      | Killed Edmund
  3591 | D:4      | Found an ornate altar of the Wu Jian Council.
  3616 | D:5      | Entered Level 5 of the Dungeon
  3657 | D:5      | Reached skill level 9 in Long Blades
  3796 | D:5      | Reached XP level 8. HP: 71/71 MP: 9/9
  4252 | D:5      | Reached *** piety under Elyvilon
  4648 | D:6      | Found a shadowy altar of Dithmenos.
  4878 | D:6      | Found a basalt altar of Yredelemnul.
  5066 | D:6      | Found a staircase to the Ecumenical Temple.
  5340 | D:6      | Noticed Eustachio
  5350 | D:6      | Killed Eustachio
  5350 | D:6      | Reached skill level 10 in Long Blades
  5380 | D:6      | Got an encrusted whip
  5381 | D:6      | Identified the +4 whip "Mom Uce" {slash, rPois rF++ Str+2}
                  | (You found it on level 6 of the Dungeon)
  5442 | D:7      | Reached **** piety under Elyvilon
  5465 | D:7      | Noticed a +0 dagger
  5640 | D:7      | Found a shimmering altar of Xom.
  5769 | D:7      | Found a hide-covered altar of Uskayaw.
  5769 | D:7      | Noticed a +0 hand axe
  6250 | D:7      | Reached skill level 11 in Long Blades
  6250 | D:7      | Reached XP level 9. HP: 47/81 MP: 11/11
  6453 | D:7      | Reached ***** piety under Elyvilon
  6561 | D:7      | Found a glowing silver altar of Zin.
  6650 | D:8      | Got a twisted quarterstaff
  6651 | D:8      | Identified the +3 quarterstaff "Sujeosos" {flame, Int+5}
                  | (You found it on level 8 of the Dungeon)
  7029 | D:8      | Reached skill level 5 in Invocations
  7379 | D:8      | Got a transparent plate armour
  7408 | D:8      | Noticed an efreet
  7421 | D:8      | Killed an efreet
  7517 | D:8      | Found an opulent altar of Gozag.
  7786 | D:8      | Found Neurhaott's Distillery.
  7798 | D:8      | Bought a potion of heal wounds for 75 gold pieces
  7798 | D:8      | Bought a potion of heal wounds for 75 gold pieces
  7798 | D:8      | Bought 2 potions of might for 120 gold pieces
  7798 | D:8      | Bought a potion of curing for 45 gold pieces
  7990 | D:9      | Found a staircase to the Lair.
  8007 | D:9      | Reached skill level 12 in Long Blades
  8028 | D:9      | Identified the +8 plate armour of Pathos {Int+6} (You found
                  | it on level 8 of the Dungeon)
  8108 | D:9      | Found a transporter.
  8110 | D:9      | Noticed a brown ugly thing
  8111 | D:9      | Found a corrupted altar of Lugonu.
  8240 | D:9      | Noticed a red ugly thing
  8241 | D:9      | Found a transporter.
  8242 | D:9      | Noticed a cyan ugly thing
  8242 | D:9      | Noticed an ancient zyme
  8293 | D:9      | Noticed Prince Ribbit
  8305 | D:9      | Killed Prince Ribbit
  8305 | D:9      | Reached skill level 1 in Shields
  8398 | D:9      | Noticed a two-headed ogre
  8405 | D:9      | Killed a two-headed ogre
  8405 | D:9      | Reached XP level 10. HP: 68/91 MP: 13/13
  8557 | D:9      | Noticed a two-headed ogre
  8561 | D:9      | Killed a two-headed ogre
  8562 | D:9      | Reached skill level 13 in Long Blades
  8817 | D:9      | Found a burning altar of Makhleb.
  8831 | Lair:1   | Entered Level 1 of the Lair of Beasts
  8990 | Lair:1   | Noticed an oklob plant
  9050 | Lair:1   | Reached skill level 10 in Fighting
  9249 | Lair:1   | Got a smelly leather armour
  9260 | Lair:1   | Identified the +1 leather armour "Ylee" {*Slow Dex+5} (You
                  | found it on level 1 of the Lair of Beasts)
  9618 | Lair:1   | Noticed a spiny frog
  9631 | Lair:1   | Killed a spiny frog
  9691 | Lair:1   | Noticed a spiny frog
  9713 | Lair:1   | Killed a spiny frog
 10358 | Lair:2   | Noticed a queen ant
 10372 | Lair:2   | Killed a queen ant
 10372 | Lair:2   | Reached skill level 5 in Shields
 10390 | Lair:2   | Reached skill level 14 in Long Blades
 10768 | Lair:2   | Reached XP level 11. HP: 101/101 MP: 15/15
 10915 | Lair:2   | Found a hole to the Spider Nest.
 11071 | Lair:2   | Noticed an eight-headed hydra
 11083 | Lair:2   | Killed a one-headed hydra
 11429 | Lair:2   | Reached ****** piety under Elyvilon
 11792 | Lair:3   | Noticed a seven-headed hydra
 11798 | Lair:3   | Reached skill level 1 in Armour
 11816 | Lair:2   | Killed a one-headed hydra
 12825 | Lair:3   | Reached skill level 5 in Dodging
 12825 | Lair:3   | Reached XP level 12. HP: 90/111 MP: 17/17
 13123 | Lair:4   | Found a staircase to the Shoals.
 14065 | Lair:5   | Reached skill level 5 in Armour
 14080 | Lair:5   | Noticed a six-headed hydra
 14094 | Lair:5   | Killed a three-headed hydra
 14361 | Lair:5   | Noticed Snorg
 14381 | Lair:5   | HP: 2/113 [Snorg (13)]
 14386 | Lair:5   | Elyvilon protects you from harm!
 14405 | Lair:5   | HP: 5/113 [komodo dragon (4)]
 14407 | Lair:5   | HP: 1/113 [Snorg (4)]
 15182 | Lair:5   | Found a viscous altar of Jiyva.
 15182 | Lair:5   | Found a staircase to the Slime Pits.
 15440 | Lair:4   | Killed Snorg
 15493 | Lair:6   | Entered Level 6 of the Lair of Beasts
 15529 | Lair:6   | Reached skill level 10 in Invocations
 15529 | Lair:6   | Reached XP level 13. HP: 45/119 MP: 19/19
 15907 | Lair:6   | Got a fine golden amulet
 15929 | Lair:6   | Identified the amulet "Waonle" {Spirit Dex+3} (You found it
                  | on level 6 of the Lair of Beasts)
 15940 | Lair:6   | Found a runed translucent gate.
 15940 | Lair:6   | Found a runed translucent gate.
 15940 | Lair:6   | Found a runed translucent gate.
 15958 | Lair:6   | Noticed Mustard's ghost (journeyman NaAE)
 16059 | Lair:6   | Reached skill level 10 in Shields
 16779 | Lair:6   | Noticed a dire elephant
 16779 | Lair:6   | Noticed a dire elephant
 16788 | Lair:6   | Killed a dire elephant
 16794 | Lair:6   | Killed a dire elephant
 16823 | Lair:6   | Noticed a dire elephant
 17049 | Lair:6   | Killed a dire elephant
 17094 | Lair:6   | Noticed a dire elephant
 17114 | Lair:6   | Killed a dire elephant
 17227 | Lair:6   | Noticed a dire elephant
 17253 | Lair:6   | Killed a dire elephant
 17353 | Lair:6   | Noticed a dire elephant
 17375 | Lair:6   | Killed a dire elephant
 17917 | D:10     | Entered Level 10 of the Dungeon
 17947 | D:10     | Found a staircase to the Orcish Mines.
 17962 | D:10     | Reached skill level 15 in Long Blades
 18131 | D:10     | Found Ajeph's Antique Weapon Shoppe.
 18153 | D:10     | Bought a glowing great sword for 323 gold pieces
 18323 | D:10     | Noticed Gastronok
 18343 | D:10     | Killed Gastronok
 18343 | D:10     | Reached XP level 14. HP: 112/130 MP: 21/21
 19170 | D:12     | Found a bloodstained altar of Trog.
 19365 | D:12     | Found a transporter.
 19383 | D:12     | Found a transporter.
 19388 | D:12     | Noticed Para's ghost (journeyman MiBe)
 20535 | D:13     | Reached skill level 1 in Evocations
 20598 | D:13     | Found a portal to a secret trove of treasure.
 20871 | D:13     | Found a gate to the Vaults.
 20877 | D:13     | Cast into level 3 of the Abyss (a wizard)
 21084 | Abyss:3  | Noticed a brown very ugly thing
 21122 | Abyss:3  | Gained mutation: Your flesh is cold resistant. (rC+)
                  | [potion of mutation]
 21122 | Abyss:3  | Gained mutation: Your system is resistant to poisons.
                  | (rPois) [potion of mutation]
 21122 | Abyss:3  | Gained mutation: You can translocate small distances at
                  | will. [potion of mutation]
 21128 | Abyss:3  | Noticed a starcursed mass
 21144 | Abyss:3  | Paralysed by accursed screaming for 1 turns
 21150 | Abyss:3  | Paralysed by accursed screaming for 2 turns
 21359 | Abyss:3  | Noticed a starcursed mass
 21380 | Abyss:3  | Noticed an Executioner
 21391 | Abyss:3  | Reached skill level 10 in Armour
 21478 | Abyss:3  | Noticed a bone dragon
 21487 | Abyss:3  | Noticed an Executioner
 21503 | Abyss:3  | Killed a bone dragon
 21508 | D:13     | Escaped the Abyss
 21515 | D:13     | Killed an Executioner
 21515 | D:13     | Reached skill level 10 in Dodging
 22078 | D:13     | Found a runed translucent gate.
 22079 | D:13     | Found a runed translucent gate.
 22080 | D:13     | Found a runed translucent gate.
 22080 | D:13     | Noticed Wombat's ghost (novice FoGl)
 22115 | D:13     | Found an iron altar of Okawaru.
 22260 | D:13     | Reached XP level 15. HP: 139/139 MP: 22/22
 23546 | D:15     | Entered Level 15 of the Dungeon
 23633 | D:15     | Reached skill level 16 in Long Blades
 24169 | D:15     | Found a glowing golden altar of the Shining One.
 24410 | D:15     | Found a staircase to the Depths.
 24915 | D:15     | Fell from the grace of Elyvilon
 24915 | D:15     | Became a worshipper of the Shining One
 24915 | D:15     | Reached * piety under the Shining One
 24915 | D:15     | Reached ** piety under the Shining One
 25117 | Spider:1 | Entered Level 1 of the Spider Nest
 25274 | Orc:1    | Entered Level 1 of the Orcish Mines
 25699 | Orc:2    | Entered Level 2 of the Orcish Mines
 25705 | Orc:2    | Reached *** piety under the Shining One
 25845 | Orc:2    | Found a staircase to the Elven Halls.
 25886 | Orc:2    | Found Rosox's Weapon Shop.
 25932 | Orc:2    | Reached skill level 15 in Fighting
 26041 | Orc:2    | Reached skill level 5 in Evocations
 26046 | Orc:2    | Found Zugu's Antique Armour Boutique.
 26313 | Orc:2    | Found Zegucie's Distillery.
 26322 | Orc:2    | Found Seumoleu's Armour Shop.
 26326 | Orc:2    | Bought a potion of curing for 39 gold pieces
 26326 | Orc:2    | Bought a potion of heal wounds for 65 gold pieces
 26568 | Orc:2    | Found Yvvybac's Jewellery Shop.
 26732 | Orc:2    | Bought a transparent plate armour for 644 gold pieces
 26742 | Orc:2    | Identified the +7 plate armour of the Teacher {rF+ rCorr
                  | Str+8 Int-2} (You bought it in a shop on level 2 of the
                  | Orcish Mines)
 26750 | Orc:2    | Bought 2 potions of ambrosia for 208 gold pieces
 26750 | Orc:2    | Bought a potion of haste for 130 gold pieces
 26750 | Orc:2    | Bought a potion of agility for 52 gold pieces
 26750 | Orc:2    | Bought a potion of ambrosia for 104 gold pieces
 26750 | Orc:2    | Bought a potion of mutation for 104 gold pieces
 26929 | D:12     | Reached XP level 16. HP: 118/149 MP: 24/24
 26940 | D:12     | Killed Para's ghost
 27358 | Lair:6   | Reached **** piety under the Shining One
 27384 | Lair:6   | Killed Mustard's ghost
 27827 | Spider:1 | Noticed Frances
 27849 | Spider:1 | Killed Frances
 29014 | Spider:2 | Reached ***** piety under the Shining One
 29621 | Spider:3 | Noticed Arachne
 29663 | Spider:3 | Killed Arachne
 29668 | Spider:3 | Reached skill level 17 in Long Blades
 29870 | Spider:3 | Found a runed translucent door.
 29871 | Spider:3 | Noticed Mustard's ghost (adept NaWz)
 30042 | Spider:3 | Noticed Agnes
 30057 | Spider:3 | Killed Agnes
 30145 | Spider:4 | Entered Level 4 of the Spider Nest
 30173 | Spider:4 | Reached XP level 17. HP: 114/158 MP: 25/25
 32132 | Spider:4 | Got a gossamer rune of Zot
 32366 | Shoals:1 | Entered Level 1 of the Shoals
 32777 | Shoals:1 | Found a deep blue altar of Sif Muna.
 33421 | Shoals:2 | Found a frozen archway.
 33432 | IceCv    | Entered an ice cave
 33699 | IceCv    | Reached ****** piety under the Shining One
 34259 | Shoals:2 | Identified the Reference Book on Displacement
 34394 | Shoals:3 | Reached XP level 18. HP: 140/168 MP: 27/27
 35461 | Shoals:3 | Noticed Ilsuiw
 35503 | Shoals:3 | HP: 7/168 [drowned by a water elemental[Ilsuiw] (8)]
 35931 | Shoals:3 | Killed Ilsuiw
 36042 | Shoals:4 | Entered Level 4 of the Shoals
 36114 | Shoals:4 | Found Xarofyfo's Assorted Antiques.
 36676 | Shoals:4 | Reached skill level 15 in Shields
 36839 | Shoals:4 | Reached skill level 18 in Long Blades
 37379 | Shoals:4 | Identified the +5 great sword "Hellblazer" {speed, rPois
                  | rF++ rC+ Str+3}
 37739 | Shoals:4 | Got a barnacled rune of Zot
 38050 | Vaults:1 | Entered Level 1 of the Vaults
 38113 | D:13     | Killed Wombat's ghost
 38926 | Vaults:1 | Noticed waywinkle's ghost (adept MfGl)
 39032 | Vaults:1 | Paralysed by a great orb of eyes for 4 turns
 39165 | Vaults:1 | Found a large runed translucent door.
 39166 | Vaults:1 | Found a large runed translucent door.
 39166 | Vaults:1 | Noticed Caerwyn's ghost (adept GrFi)
 39245 | Vaults:1 | Reached XP level 19. HP: 113/177 MP: 19/28
 39928 | Vaults:1 | Killed waywinkle's ghost
 39961 | Vaults:1 | Killed Caerwyn's ghost
 39975 | Vaults:1 | Identified a scroll of acquirement
 40483 | Vaults:2 | Noticed Nikola
 40501 | Vaults:2 | Noticed Margery
 40503 | Vaults:2 | Shot with a bolt by a yaktaur captain

Levels and vault maps discovered:
D:1:      roderic_crossed_star, layout_basic, minmay_lizard_king
D:2:      layout_loops_ring, lemuel_blue_sif_altar, first_ration
D:3:      layout_basic
D:4:      minmay_chambers_of_threes, layout_basic, kennysheep_mini,
          elyvilon_altar_4, fedhas_altar_1, uniq_blork_the_orc, uniq_duvessa,
          uniq_edmund
D:5:      lemuel_ratsnest, layout_basic, grunt_decor_arrowhead, grunt_tough_drop
D:6:      layout_loops_corners, nicolae_dithmenos_through_a_glass_darkly,
          yredelemnul_forgotten_temple_becter, minmay_temple_entry_large_hall,
          uniq_eustachio
D:7:      layout_basic, zin_statuary, dancing_weapons_uskayaw, xom_teletrap_fun,
          the_bakery
D:8:      minmay_cornered_nines, layout_rooms, lemuel_round_altar, serial_shops,
          nicolae_shop_statue_plus, serial_park_tiny_1
D:9:      gammafunk_corrupted_shrine, layout_basic, makhleb_grotto_becter,
          lair_entry_dummy, uniq_prince_ribbit1
D:10:     layout_roguey, orc_david_3, serial_shops, shop,
          minmay_misc_feat_plants, nrook_pool_corridor, uniq_gastronok
D:11:     layout_loops_ring
D:12:     layout_roguey, gammafunk_ghost_mausoleum, basic_altar, minmay_puff
D:13:     layout_rooms, grunt_vaults_entry_tiered, nicolae_trove_entry_diagonal,
          gammafunk_ghost_fury_of_okawaru
D:14:     layout_cave_pods, serial_bayou_lagoon_a
D:15:     hangedman_depths_entry_try_elsewhere_first, layout_long_grid,
          grunt_decor_cap, nicolae_tso_swordbearing_angel
Lair:1:   layout_regular_city, minmay_lair_oklob_bushes, serial_bayou_shore_a,
          grunt_megastairs_2, lemuel_fruit_tree
Lair:2:   layout_cave_pods, spider_nest_entry_rubble, minmay_another_anthill
Lair:3:   layout_loops_ring, cheibrodos_lair_lostbears, lemuel_fruit_fields,
          serial_bayou_shore_b
Lair:4:   layout_concentric_octagons, elwin_shoals_entry_stream
Lair:5:   layout_hall_layers, dpeg_slime_entry_enclosed_altar, uniq_snorg
Lair:6:   due_jungle_book, layout_loops_ring, gammafunk_ghost_necromancy,
          grunt_megastairs_3, minmay_lair_oklob_chamber
Shoals:1: layout_shoals, lemuel_oklob_altar
Shoals:2: layout_shoals, portal_ice_cave_entry_pillars_1
Shoals:3: layout_shoals, uniq_ilsuiw
Shoals:4: shoals_end_grunt_ice, layout_shoals, serial_shops, shop
Spider:1: nicolae_spider_mines_1, drop_trap, uniq_frances
Spider:2: layout_spider_delve, drop_trap
Spider:3: layout_spider_delve, gammafunk_ghost_grave, uniq_agnes, uniq_arachne
Spider:4: grunt_spider_rune_parallel, einodemon_crawler_minivault
Orc:1:    layout_caves
Orc:2:    st_orc_open, layout_caves, serial_shops,
          nicolae_shop_temple_entry_statues_fountains
Vaults:1: advil_vaults_ghost_guards, grunt_vaults_funneled_arena, v_misc_11,
          nicolae_vaults_triangles, nicolae_vaults_three_branches,
          vaults_dpeg_doors, vaults_mumra_hex, nicolae_vaults_little_squares_1,
          nicolae_vaults_asterisk, vaults_room_ringed_pool,
          ontoclasm_vaults_fault, vaults_mumra_lcd,
          ontoclasm_vaults_loading_screen, layout_vaults_omnicross
Vaults:2: nicolae_vaults_mini_display_case, v_misc_11, vaults_mumra_chevron,
          v_misc_24, dpeg_vaults_waves, vaults_dpeg_cross,
          ontoclasm_vaults_shuriken, v_alt_pattern_5, vaults_room_pools,
          vaults_dpeg_encased_lava, nicolae_vaults_rhombus_6,
          layout_vaults_omnigrid, serial_shops, shop, uniq_nikola, uniq_margery
Abyss:3:  due_exit_kobolds, minivault_26, hangedman_eye_storm
IceCv:    ice_cave_tombish

Skill      XL: |  1  2  3  4  5  6  7  8  9 10 11 12 13 14 15 16 17 18 19 |
---------------+----------------------------------------------------------+-----
Long Blades    | 4 5 6 7 9 11 12 14 15 16 17 18 | 18.5
Fighting       | 4 5 6 8 9 10 11 12 13 14 15 16 17 | 17.5
Invocations    | 1 3 4 6 7 8 10 11 12 13 14 | 14.6
Shields        | 2 5 7 9 11 12 13 14 15 | 15.7
Armour         | 3 6 9 10 11 12 13 14 | 14.7
Dodging        | 5 7 9 10 11 12 13 14 | 14.0
Evocations     | 3 5 6 8 |  8.6
Stealth        | |  1.5

Action                   |  1- 3 |  4- 6 |  7- 9 | 10-12 | 13-15 | 16-18 | 19-21 || total
-------------------------+-------+-------+-------+-------+-------+-------+-------++-------
Melee: Falchion          |   102 |   120 |   224 |       |       |       |       ||   446
       Headbutt          |    14 |    24 |    93 |   128 |   472 |   556 |    44 ||  1331
       Unarmed           |       |       |    15 |       |       |       |       ||    15
       Long sword        |       |       |    87 |       |       |       |       ||    87
       Whip              |       |       |    42 |       |       |       |       ||    42
       Scimitar          |       |       |    70 |   498 |  1544 |  1759 |    84 ||  3955
       Triple sword      |       |       |       |       |       |       |    59 ||    59
Invok: Heal Other        |       |       |     1 |     1 |     4 |       |       ||     6
       Lesser Healing    |       |       |       |     3 |       |       |       ||     3
       Greater Healing   |       |       |       |     5 |    13 |       |       ||    18
       Purification      |       |       |       |     1 |       |       |       ||     1
       Divine Protection |       |       |       |     2 |       |       |       ||     2
       Divine Vigour     |       |       |       |       |     5 |       |       ||     5
       Divine Shield     |       |       |       |       |     2 |     7 |     1 ||    10
       Summon Divine War |       |       |       |       |       |    10 |       ||    10
       Cleansing Flame   |       |       |       |       |       |     7 |     2 ||     9
Evoke: Wand              |       |       |     1 |    13 |    15 |    18 |       ||    47
  Use: Scroll            |       |     6 |    11 |    13 |     9 |    13 |     4 ||    56
       Potion            |       |     5 |     2 |    13 |    14 |    13 |     4 ||    51
 Stab: Confused          |       |       |     6 |       |       |       |       ||     6
       Invisible         |       |       |       |       |     6 |       |       ||     6
       Petrified         |       |       |       |       |     8 |       |       ||     8
       Distracted        |       |       |       |       |     1 |       |       ||     1
  Eat: Chunk             |     3 |     3 |    15 |    34 |    27 |    26 |     1 ||   109
       Ration            |       |       |     1 |     1 |     4 |     6 |     1 ||    13
Armor: Robe              |     2 |       |       |       |       |       |       ||     2
       Chain mail        |    44 |    45 |   175 |       |       |       |       ||   264
       Ring mail         |     3 |       |       |       |       |       |       ||     3
       Scale mail        |     1 |       |       |       |       |       |       ||     1
       Skin              |       |    21 |     2 |       |       |       |       ||    23
       Plate armour      |       |       |    18 |   356 |   720 |   688 |    56 ||  1838
Dodge: Dodged            |    50 |    46 |   176 |   177 |   559 |   892 |    99 ||  1999
Block: Shield            |       |       |     8 |   313 |  1124 |  1553 |    33 ||  3031
       Other             |       |       |       |       |       |       |     7 ||     7
       Rpst.: Falchion   |    11 |    14 |    26 |       |       |       |       ||    51
       Long sword        |       |       |     4 |       |       |       |       ||     4
       Scimitar          |       |       |     9 |    35 |   122 |   174 |     6 ||   346
       Triple sword      |       |       |       |       |       |       |    14 ||    14

Table legend:
 A = Non-vault XP
 B = Vault XP
 C = Vault XP percentage of total XP
 D = Non-vault monster count
 E = Vault monster count
 F = Vault count percentage of total count
                 A         B        C        D         E       F
            +---------+---------+-------+---------+---------+-------
      Total |  225133 |  175411 |  43.8 |     881 |     395 |  31.0
            +---------+---------+-------+---------+---------+-------
        D:1 |      25 |       9 |  26.5 |      15 |       7 |  31.8
        D:2 |      56 |       0 |   0.0 |      14 |       0 |   0.0
        D:3 |     146 |       0 |   0.0 |      26 |       0 |   0.0
        D:4 |     395 |     574 |  59.2 |      30 |       9 |  23.1
        D:5 |     249 |     195 |  43.9 |      16 |      29 |  64.4
        D:6 |     238 |     198 |  45.4 |      12 |       2 |  14.3
        D:7 |     627 |     234 |  27.2 |      16 |       1 |   5.9
        D:8 |     637 |     401 |  38.6 |      20 |       3 |  13.0
        D:9 |    2878 |    3027 |  51.3 |      21 |      11 |  34.4
       D:10 |    3168 |    2435 |  43.5 |      24 |       9 |  27.3
       D:11 |    3590 |       0 |   0.0 |      28 |       0 |   0.0
       D:12 |    1558 |    6992 |  81.8 |      15 |      14 |  48.3
       D:13 |    8949 |   10611 |  54.2 |      34 |      31 |  47.7
       D:14 |   13191 |       0 |   0.0 |      33 |       0 |   0.0
       D:15 |    8655 |    2713 |  23.9 |      27 |       4 |  12.9
     Lair:1 |    2053 |       0 |   0.0 |      11 |       0 |   0.0
     Lair:2 |    5819 |    1958 |  25.2 |      18 |      15 |  45.5
     Lair:3 |    3677 |    1192 |  24.5 |      20 |       4 |  16.7
     Lair:4 |    2834 |    2597 |  47.8 |      13 |       5 |  27.8
     Lair:5 |    8093 |       0 |   0.0 |      24 |       0 |   0.0
     Lair:6 |   18253 |   10394 |  36.3 |      49 |      26 |  34.7
   Shoals:1 |   12496 |     557 |   4.3 |      27 |       1 |   3.6
   Shoals:2 |    8463 |       0 |   0.0 |      16 |       0 |   0.0
   Shoals:3 |   16813 |    3527 |  17.3 |      37 |       4 |   9.8
   Shoals:4 |    8816 |   18140 |  67.3 |      20 |      30 |  60.0
   Spider:1 |   12308 |    4939 |  28.6 |      37 |       7 |  15.9
   Spider:2 |   18073 |       0 |   0.0 |      47 |       0 |   0.0
   Spider:3 |   14253 |    5349 |  27.3 |      48 |       2 |   4.0
   Spider:4 |   17695 |   25641 |  59.2 |      61 |      60 |  49.6
      Orc:1 |    1887 |       0 |   0.0 |      30 |       0 |   0.0
      Orc:2 |    2435 |   15661 |  86.5 |      33 |      37 |  52.9
   Vaults:1 |    6600 |   39079 |  85.6 |      22 |      46 |  67.6
   Vaults:2 |    7555 |    8643 |  53.4 |      11 |      10 |  47.6
    Abyss:3 |   12648 |       0 |   0.0 |      26 |       0 |   0.0
      IceCv |       0 |   10345 | 100.0 |       0 |      28 | 100.0
            +---------+---------+-------+---------+---------+-------
